 Dungeon Crawl Stone Soup version 0.28-a0-1506-g3893175d92 (webtiles) character file.

Game seed: 2800614563183937525

2305 flotson the Skirmisher (level 9, -6/68 HPs)
             Began as a Demonspawn Gladiator on Jan 13, 2022.
             Mangled by Harold (17 damage)
             ... on level 7 of the Dungeon.
             The game lasted 00:11:29 (8984 turns).

flotson the Skirmisher (Demonspawn Gladiator)       Turns: 8984, Time: 00:11:29

Health: -6/68      AC: 14    Str: 23    XL:     9   Next: 18%
Magic:  9/9        EV: 11    Int:  9    God:
Gold:   255        SH: 10    Dex: 20    Spells: 8/8 levels left

rFire   . . .      SeeInvis .   a - +1 dagger (venom)
rCold   . . .      Faith    .   f - +0 kite shield
rNeg    + + .      Spirit   .   k - +0 scale mail
rPois   .          Reflect  .   c - +0 helmet
rElec   .          Harm     .   l - +0 cloak
rCorr   .          Rampage  .   o - +2 pair of gloves
Will    .....                   (no boots)
Stlth   ..........              p - amulet of Rivion Dieps {RegenMP rN++ Str+4 Dex+5}
HPRegen 0.21/turn               (no ring)
MPRegen 0.62/turn               (no ring)

@: no status effects
A: icy blue scales 1, demonic guardian 3, magic regeneration, weakness stinger 1
a: no special abilities


You were on level 7 of the Dungeon.
You visited 2 branches of the dungeon, and saw 8 of its levels.

You collected 255 gold pieces.

Inventory:

Hand Weapons
 a - a +1 dagger of venom (weapon)
 b - a +0 vorpal hunting sling
 h - a +0 war axe
 y - a +0 lajatang
Missiles
 d - 3 throwing nets
 j - 59 sling bullets
 r - 3 poisoned darts (quivered)
 u - 2 javelins
 C - 8 boomerangs
Armour
 c - a +0 helmet (worn)
 f - a +0 kite shield (worn)
 k - a +0 scale mail (worn)
 l - a +0 cloak (worn)
 o - a +2 pair of gloves (worn)
Jewellery
 p - the amulet of Rivion Dieps (around neck) {RegenMP rN++ Str+4 Dex+5}
   (You found it on level 2 of the Dungeon)

   [amulet of magic regeneration]

   It increases your rate of magic regeneration.
   Str:       It affects your strength (+4).
   Dex:       It affects your dexterity (+5).
   rN:        It greatly protects you from negative energy.
Scrolls
 e - a scroll of noise {unknown}
 i - a scroll of immolation
 q - 2 scrolls of teleportation {unknown}
 s - 3 scrolls of fear {unknown}
 v - a scroll of magic mapping
 z - 3 scrolls of identify {unknown}
 A - a scroll of summoning {unknown}
 D - 2 scrolls of enchant armour
Potions
 m - a potion of flight
 t - a potion of cancellation {unknown}
 w - a potion of attraction {unknown}
 B - a potion of brilliance
 E - 2 potions of heal wounds {unknown}
 F - a potion of lignification {unknown}


   Skills:
 + Level 5.4 Fighting
 + Level 5.4 Axes
 + Level 4.8 Throwing
 + Level 4.6 Armour
 + Level 5.4 Dodging
 + Level 3.6 Shields


You had 8 spell levels left.
You didn't know any spells.
Your spell library contained the following spells:

 Spells                   Type           Power      Damage    Failure   Level
 Animate Skeleton         Necr           0%         N/A       97%         1
 Apportation              Tloc           0%         N/A       97%         1
 Summon Small Mammal      Summ           0%         N/A       97%         1


Dungeon Overview and Level Annotations

Branches:
Dungeon (7/15)             Temple (1/1) D:6

Altars:
Ashenzari
Cheibriados
Elyvilon
Fedhas
Kikubaaqudgha
Makhleb
Nemelex Xobeh
Okawaru
Qazlal
Ru
Sif Muna
Trog
Vehumet
Yredelemnul
Zin
The Shining One

Annotations:
D:6 3 runed translucent doors, taxman66's ghost, novice FoMo
D:7 Harold


Innate Abilities, Weirdness & Mutations

You are partially covered in icy blue scales. (AC +2)
A powerful demonic guardian rushes to your aid.
You regenerate magic rapidly.
You have a small tail.


Message History

You climb downwards.
Found 13 gold pieces and a shiny helmet.
Found a stone staircase leading down.
There is a stone staircase leading up here.
Harold is nearby!
Harold closely misses you.
Found a stone staircase leading up.
You block Harold's attack.
You hit Harold but do no damage. Harold hits you with a +0 halberd.
You barely miss Harold. Harold hits you with a +0 halberd!
A demonic guardian appears!
You hit Harold but do no damage.
Harold is poisoned.
You block Harold's attack.
Your soul eater hits Harold.
Your soul eater drains Harold.
You barely miss Harold. You tail-slap Harold, but do no damage.
Harold is lightly wounded.
Harold hits you with a +0 halberd!
Your soul eater barely misses Harold.
You hit Harold.
Harold looks as sick as possible!
Harold is lightly wounded.
Harold hits you with a +0 halberd!
Your soul eater closely misses Harold.
Harold hits you but does no damage.
You are too injured to fight recklessly!
You are too injured to fight recklessly!
You are too injured to fight recklessly!
You are too injured to fight recklessly!
You are too injured to fight recklessly!
You are too injured to fight recklessly!
You hit Harold but do no damage.
Harold looks as sick as possible!
You tail-slap Harold, but do no damage.
Harold is moderately wounded.
Your soul eater hits Harold but does no damage.
Harold hits you with a +0 halberd!
* * * LOW HITPOINT WARNING * * *
Unknown command.
You closely miss Harold. You tail-slap Harold, but do no damage.
Harold is moderately wounded.
Your soul eater hits Harold.
Harold hits you with a +0 halberd!
* * * LOW HITPOINT WARNING * * *
Your soul eater hits Harold!
Unknown command.
You feel better. Harold hits you with a +0 halberd!
You die...

## ## ##. .
..#. # # ...
.#
#.#.##.##.#
........@.###
#.@.3$.#
#.##.#>.#.#
#...<...#
#.##.#..# #
#.#..#
.[.....
##.<.### .###
.#


You could see Harold (extremely poisoned, drained, ally target) and a friendly
soul eater (summoned).

Vanquished Creatures
  Sigmund (D:2)
  Eustachio (D:6)
  2 water moccasins
  A black bear (D:5)
  2 ogres
  A centaur (D:4)
  A scorpion (D:5)
  A bullfrog zombie (D:6)
  2 hounds (D:6)
  Jessica (D:2)
  2 iguanas
  Natasha (thrice) (D:1)
  6 adders
  An ufetubus (D:4)
  A worm (D:4)
  3 dart slugs
  15 orcs
  11 bats
  5 endoplasms
  6 giant cockroaches
  3 goblins
  9 hobgoblins
  4 jackals
  7 quokkas
  8 ball pythons
  A frilled lizard (D:1)
  7 kobolds
  7 rats
112 creatures vanquished.

Vanquished Creatures (collateral kills)
  Edmund (D:4)
  A water moccasin (D:5)
  Duvessa (D:4)
  An orc warrior (D:6)
  A black bear (D:5)
  3 phantoms
  Dowan (D:4)
  2 hounds (D:5)
  An orc priest (D:5)
  An iguana (D:5)
  3 orc wizards
  A gnoll (D:5)
  A worm (D:2)
  2 orcs
  An endoplasm (D:4)
  A quokka (D:2)
22 creatures vanquished.

Grand Total: 134 creatures vanquished

Notes
Turn   | Place    | Note
-------+----------+-------------------------------------------
     0 | D:1      | flotson the Demonspawn Gladiator began the quest for the
                  | Orb.
     0 | D:1      | Reached XP level 1. HP: 16/16 MP: 1/1
    61 | D:1      | Found a faded altar of an unknown god.
    88 | D:1      | Gained mutation: You are partially covered in icy blue
                  | scales. (AC +2) [demonic ancestry]
    88 | D:1      | Reached XP level 2. HP: 22/22 MP: 2/2
   539 | D:1      | Gained mutation: A weak demonic guardian rushes to your
                  | aid. [demonic ancestry]
   539 | D:1      | Reached XP level 3. HP: 23/28 MP: 3/3
   736 | D:1      | You fall into a shaft and drop 1 floor!
   745 | D:2      | Reached skill level 1 in Armour
   887 | D:2      | Noticed Jessica
   896 | D:2      | Killed Jessica
   897 | D:2      | Gained mutation: A demonic guardian rushes to your aid.
                  | [demonic ancestry]
   897 | D:2      | Reached XP level 4. HP: 11/34 MP: 4/4
  1574 | D:2      | Noticed Sigmund
  1590 | D:2      | Noticed Natasha
  1591 | D:2      | Killed Sigmund
  1592 | D:2      | Reached XP level 5. HP: 36/41 MP: 5/5
  1600 | D:1      | Killed Natasha
  1601 | D:1      | Gained mutation: A powerful demonic guardian rushes to your
                  | aid. [demonic ancestry]
  1601 | D:1      | Reached XP level 6. HP: 37/47 MP: 6/6
  1835 | D:1      | Noticed Natasha
  1845 | D:1      | Killed Natasha
  1895 | D:1      | Found a faded altar of an unknown god.
  1916 | D:1      | Noticed Natasha
  1923 | D:1      | Killed Natasha
  2555 | D:2      | Identified the amulet of Rivion Dieps {RegenMP rN++ Str+4
                  | Dex+5}
  3690 | D:4      | Noticed Edmund
  3697 | D:4      | Killed Edmund
  3850 | D:4      | Reached skill level 1 in Shields
  3850 | D:4      | Gained mutation: You regenerate magic rapidly. [demonic
                  | ancestry]
  3850 | D:4      | Reached XP level 7. HP: 28/53 MP: 7/7
  4286 | D:4      | Found a blossoming altar of Fedhas.
  4661 | D:4      | Found a sparkling altar of Nemelex Xobeh.
  4661 | D:4      | Found an ancient bone altar of Kikubaaqudgha.
  4711 | D:4      | Noticed Duvessa
  4712 | D:4      | Noticed Dowan
  4832 | D:4      | Killed Duvessa
  4835 | D:4      | Killed Dowan
  5102 | D:5      | Entered Level 5 of the Dungeon
  5251 | D:5      | Reached XP level 8. HP: 35/61 MP: 8/8
  6346 | D:4      | Found a blossoming altar of Fedhas.
  6564 | D:4      | Found a sparkling altar of Nemelex Xobeh.
  6565 | D:4      | Found an ancient bone altar of Kikubaaqudgha.
  7043 | D:5      | Found a snail-covered altar of Cheibriados.
  7176 | D:5      | Reached skill level 5 in Fighting
  7176 | D:5      | Reached skill level 5 in Axes
  7176 | D:5      | Reached skill level 5 in Dodging
  7691 | D:6      | Found a staircase to the Ecumenical Temple.
  7714 | Temple   | Entered the Ecumenical Temple
  8089 | D:6      | Found a runed translucent gate.
  8089 | D:6      | Found a runed translucent gate.
  8089 | D:6      | Found a runed translucent gate.
  8089 | D:6      | Noticed a slime creature
  8090 | D:6      | Noticed taxman66's ghost (novice FoMo)
  8256 | D:6      | Noticed Eustachio
  8293 | D:6      | Killed Eustachio
  8294 | D:6      | Gained mutation: You have a small tail. [demonic ancestry]
  8294 | D:6      | Reached XP level 9. HP: 68/68 MP: 9/9
  8974 | D:7      | Noticed Harold
  8983 | D:7      | HP: 2/68 [Harold (16)]
  8984 | D:7      | Mangled by Harold

Illustrated notes

Levels and vault maps discovered:
D:1:      lightli_arrival_farm, layout_basic, ebering_ecumenical_altar_rust,
          minmay_tromino_i4
D:2:      layout_rooms, uniq_sigmund, uniq_jessica, uniq_natasha
D:3:      layout_loops_cross
D:4:      layout_gridville, lemuel_round_altar,
          gammafunk_temple_overflow_statue, uniq_edmund, uniq_duvessa
D:5:      layout_cave_pods, elyvilon_altar_1, kennysheep_slug_shrine,
          cheibrodos_gnoll_hut
D:6:      layout_loops_corners, minmay_temple_entry_butterflies,
          gammafunk_ghost_split, uniq_eustachio
D:7:      layout_loops_cross, uniq_harold, uniq_pikel, uniq_prince_ribbit1
Temple:   minmay_temple_curvy_loop

Skill      XL: |  1  2  3  4  5  6  7  8 |
---------------+-------------------------+-----
Throwing       | 2 3 4 |  4.8
Axes           | 3 4 5 |  5.4
Dodging        | 3 4 5 |  5.4
Armour         | 1 2 3 4 |  4.6
Fighting       | 3 4 5 |  5.4
Shields        | 1 2 3 |  3.6

Action                   |  1- 3 |  4- 6 |  7- 9 || total
-------------------------+-------+-------+-------++-------
Melee: War axe           |   127 |     2 |       ||   129
       Punch             |     3 |     1 |       ||     4
       Dagger            |       |   127 |   230 ||   357
       Tailslap          |       |       |     5 ||     5
 Fire: Hunting sling     |       |     8 |    16 ||    24
Throw: Dart              |       |       |     3 ||     3
  Use: Potion            |     1 |       |     3 ||     4
       Scroll            |       |       |     6 ||     6
Armor: Leather armour    |    33 |       |       ||    33
       Scale mail        |    34 |    60 |   147 ||   241
Dodge: Dodged            |    98 |    69 |   125 ||   292
Block: Buckler           |       |     8 |    42 ||    50
       Kite shield       |       |       |    36 ||    36

Table legend: (Time is in decaauts)
 A = Elapsed time spent in this place.
 B = Non-inter-level travel time spent in this place.
 C = Inter-level travel time spent in this place.
 D = Time resting spent in this place.
 E = Time spent auto-exploring this place.
 F = Levels seen in this place.
 G = Mean time per level.
                   A        B        C        D        E       F      G
               +--------+--------+--------+--------+--------+-----+--------+
         Total |   9130 |   8805 |    325 |    219 |   7323 |   8 | 1141.2 |
       Dungeon |   8765 |   8463 |    302 |    219 |   6985 |   7 | 1252.1 |
        Temple |    364 |    341 |     23 |      0 |    338 |   1 |  364.0 |
               +--------+--------+--------+--------+--------+-----+--------+

Top non-repeatable levels by time:
     D:4: 2625 daAuts
     D:1: 1952 daAuts
     D:5: 1443 daAuts
     D:6: 969 daAuts
     D:3: 900 daAuts
     D:2: 864 daAuts
  Temple: 364 daAuts
     D:7: 11 daAuts
